 Dungeon Crawl Stone Soup version 0.32-a0-42-ga30500b4d3 (webtiles) character file.

Game seed: 13057582920649116338

9364 Newt the Fighter (level 11, -1/74 HPs)
             Began as a Gargoyle Fighter on Jan 30, 2024.
             Was a High Priest of Okawaru.
             Slain by an orc warrior
             ... wielding a +0 halberd
              (12 damage)
             ... on level 10 of the Dungeon.
             The game lasted 00:14:36 (8767 turns).

Newt the Fighter (Gargoyle Fighter)                 Turns: 8767, Time: 00:14:37

Health: -1/74      AC: 22    Str: 23    XL:     11   Next: 45%
Magic:  11/11      EV: 17    Int: 10    God:    Okawaru [*****.]
Gold:   540        SH: 12    Dex:  9    Spells: 10/10 levels left

rFire   + . .        f - +3 Elemental Staff {ele, rElec rF+ rC+ AC+3}
rCold   + + .        i - +1 tower shield
rNeg    + + .        q - +1 scale mail {rN+}
rPois   ∞            y - +2 hat
rElec   +            (no cloak)
rCorr   .            j - +0 pair of gloves
SInv    .            (no boots)
Will    .....        (no amulet) Stlth
                     J - +5 ring of evasion
HPRegen 0.32/turn    E - +5 ring of evasion
MPRegen 0.12/turn

%: no passive effects
@: no status effects
A: sickness immunity, AC +8, negative energy resistance 1, electricity
resistance, torment resistance 1, petrification resistance, antennae 1, cold
resistance 1, wild magic 1
a: Renounce Religion, Heroism, Finesse, Duel


You were on level 10 of the Dungeon.
You worshipped Okawaru.
Okawaru was extremely pleased with you.
You visited 2 branches of the dungeon, and saw 11 of its levels.
You also visited: Sewer.

You collected 540 gold pieces.

Inventory:

Hand Weapons
 a - a +0 flail
 f - the +3 Elemental Staff (weapon) {ele, rElec rF+ rC+ AC+3}
   (You acquired it on level 4 of the Dungeon)

   AC+3:      It affects your AC (+3).
   rF+:       It protects you from fire.
   rC+:       It protects you from cold.
   rElec:     It insulates you from electricity.
 k - a +2 flail of protection
 l - a +0 vampiric hand axe
 K - the +12 glaive of Prune {freeze, Prune}
   (You took it off a centaur warrior on level 9 of the Dungeon)

   Prune:     It halves damage taken while paralysed, petrified or unconscious.
Missiles
 F - a throwing net (quivered)
Armour
 b - a +0 scale mail
 c - a +0 buckler
 i - a +1 tower shield (worn)
 j - a +0 pair of gloves (worn)
 q - a +1 scale mail of positive energy (worn)
 y - a +2 hat (worn)
Jewellery
 g - a ring of protection from fire
 m - a ring of wizardry
 r - a ring of resist corrosion
 E - a +5 ring of evasion (right hand)
 J - a +5 ring of evasion (left hand)
Wands
 d - a wand of paralysis (14)
 h - a wand of iceblast (6)
 v - a wand of quicksilver (7)
 I - a wand of digging (7)
Scrolls
 o - 4 scrolls of teleportation
 s - 3 scrolls of vulnerability
 t - 2 scrolls of poison
 u - a scroll of fog
 A - a scroll of noise
 B - a scroll of silence
 C - 2 scrolls of fear
 D - 2 scrolls of amnesia
 H - a scroll of identify
 M - a scroll of acquirement
Potions
 e - 2 potions of brilliance
 n - 6 potions of lignification
 p - 7 potions of curing
 w - 2 potions of degeneration
 x - a potion of attraction
 z - 2 potions of mutation
 G - a potion of magic
Miscellaneous
 L - a condenser vane


   Skills:
 - Level 11.3 Fighting
 - Level 0.5(3.8) Axes
 - Level 6.7(8.2) Maces & Flails
 + Level 7.2(8.4) Staves
 - Level 3.2 Armour
 - Level 3.2 Shields
 - Level 10.0 Evocations


You had 10 spell levels left.
You didn't know any spells.
Your spell library contained the following spells:

 Spells                   Type           Power      Damage    Failure   Level
 Magic Dart               Conj           0%         1d3       100%        1
 Slow                     Hex            0%         N/A       100%        1
 Blink                    Tloc           0%         N/A       100%        2
 Lesser Beckoning         Tloc           0%         N/A       100%        2
 Confusing Touch          Hex            0%         N/A       100%        3
 Frozen Ramparts          Ice            0%         1d1       100%        3
 Gell's Gravitas          Tloc           0%         N/A       100%        3
 Sigil of Binding         Hex            0%         N/A       100%        3
 Teleport Other           Tloc           0%         N/A       100%        3
 Vampiric Draining        Necr           0%         2d6       100%        3
 Leda's Liquefaction      Alch/Erth      0%         N/A       100%        4
 Petrify                  Alch/Erth      0%         N/A       100%        4
 Metabolic Englaciation   Hex/Ice        0%         N/A       100%        5
 Eringya's Noxious Bog    Alch           0%         4d6       100%        6
 Call Imp                 Summ           Unusable   N/A       N/A         2
 Summon Forest            Summ/Tloc      Unusable   N/A       N/A         5
 Summon Hydra             Summ           Unusable   N/A       N/A         7

Dungeon Overview and Level Annotations

Branches:
Dungeon (10/15)            Temple (1/1) D:4            Lair (0/5) D:8
  Sewer (visited)
    Orc: D:9-12

Altars:
Ashenzari
Cheibriados
Dithmenos
Fedhas
Gozag
Hepliaklqana
Kikubaaqudgha
Makhleb
Okawaru
Qazlal
Ru
Sif Muna
Trog
Uskayaw
Vehumet
Wu Jian
Xom
Yredelemnul
Zin
The Shining One

Shops:
D:5 (

Annotations:
D:7 2 runed translucent doors, gdog's ghost, novice GnDe
D:8 2 transporters, LoggersVIII's ghost, novice OpEE
D:9 1 runed translucent door


Innate Abilities, Weirdness & Mutations

You are immune to sickness and miasma.
Your stone body is resilient. (AC +8)
You are immune to poison.
You resist negative energy. (rN+)
You are resistant to electric shocks. (rElec)
You are resistant to unholy torment.
You are immune to petrification.
You have a pair of small antennae on your head.
Your flesh is cold resistant. (rC+)
Your spells are a little harder to cast, but a little more powerful.


Message History

You hit something but do no damage. You block the orc warrior's attack.
Something hits you but does no damage.
You closely miss something. You block the orc warrior's attack.
Something hits you but does no damage.
You miss something. You block the orc warrior's attack.
Something hits you but does no damage.
You miss something.
An orc wizard appears from thin air!
Reactivating autopickup.
The orc warrior misses you. The orc wizard misses you.
You closely miss the orc wizard.
The orc wizard is moderately wounded.
The orc warrior hits you but does no damage.
The orc wizard casts a spell at you.
The magic dart hits you but does no damage.
You hit the orc wizard. You crush the orc wizard!
You kill the orc wizard!
Okawaru accepts your kill. The orc warrior completely misses you.
You closely miss the orc.
The orc warrior throws a boomerang.
The boomerang hits you but does no damage.
You barely miss the orc. The orc barely misses you.
The orc warrior hits you from afar with a +0 halberd!
* * * LOW HITPOINT WARNING * * *
The orc completely misses you. The orc closely misses you.
You sock the orc!
You kill the orc!
Okawaru accepts your kill. The orc warrior completely misses you.
The orc suddenly complains.
The orc misses you. You block the orc warrior's attack.
You hit the orc.
You kill the orc!
Okawaru accepts your kill.
The orc warrior hits you from afar with a +0 halberd.
* * * LOW HITPOINT WARNING * * *
You hit the orc but do no damage. You crush the orc!
You kill the orc!
Okawaru accepts your kill.
The orc warrior hits you from afar with a +0 halberd!
You die...

#.....................
#...............).....
#.....................
#...##########........
#...#........#........
#...#........#........
####...#........#........
#......#).....###........
#......o@.....# ....
###.....o########
#............#
#.....#####o## #.....#
#{oo.# ##....# ##.o##
#....# #..# #....# ....
#....# .....


You could see an orc warrior and an orc.

Vanquished Creatures
  A centaur warrior (D:9)
  Pikel (D:3)
  3 cyclopes (D:9)
  An ugly thing (D:9)
  A gargoyle (D:9)
  Maggie (D:8)
  A kobold demonologist (D:10)
  A komodo dragon (D:8)
  A hornet (D:8)
  Sigmund (D:5)
  A slime creature (D:9)
  A vampire (D:10)
  A wyvern (D:8)
  3 yaks (D:9)
  3 basilisks (D:8)
  Grum (D:8)
  3 orc warriors
  A swamp drake (D:8)
  2 black bears
  A sky beast (D:8)
  2 centaurs
  3 wolves
  A phantom (D:6)
  5 bullfrogs
  2 kobold brigands
  5 gnoll sergeants
  3 wights (D:8)
  A water moccasin zombie (D:6)
  6 killer bees
  2 howler monkeys (D:9)
  A bombardier beetle (D:4)
  3 bullfrog zombies (D:6)
  7 hounds
  7 orc priests
  A gnoll bouda (D:7)
  10 orc wizards
  2 sleepcaps
  An iguana (D:5)
  A hell rat (Sewer)
  A killer bee zombie (D:6)
  A howler monkey zombie (D:6)
  27 gnolls
  5 adders
  3 river rats (Sewer)
  A shadow imp (D:6)
  A white imp (D:6)
  2 ribbon worms
  5 dart slugs
  49 orcs
  4 bats
  6 endoplasms
  6 giant cockroaches
  8 goblins
  9 hobgoblins
  3 jackals (D:7)
  3 quokkas
  7 ball pythons
  7 frilled lizards
  13 kobolds
  11 rats
264 creatures vanquished.

Vanquished Creatures (others)
  An orc wizard (D:9)
  A kobold (D:8)
2 creatures vanquished.

Grand Total: 266 creatures vanquished

Notes
Turn   | Place    | Note
-------+----------+-------------------------------------------
     0 | D:1      | Newt the Gargoyle Fighter began the quest for the Orb.
     0 | D:1      | Reached XP level 1. HP: 14/14 MP: 1/1
   100 | D:1      | Reached XP level 2. HP: 11/19 MP: 2/2
   216 | D:1      | Reached XP level 3. HP: 16/24 MP: 3/3
  1310 | D:3      | Reached skill level 4 in Fighting
  1355 | D:3      | Reached XP level 4. HP: 29/29 MP: 4/4
  1708 | D:3      | Found a stormy altar of Qazlal.
  1932 | D:4      | Noticed Pikel
  1933 | D:4      | Found a staircase to the Ecumenical Temple.
  1933 | D:4      | Noticed a lemure
  1933 | D:4      | Noticed a lemure
  1935 | D:4      | Noticed a lemure
  1937 | D:4      | Noticed a lemure
  1946 | D:3      | Paralysed by Pikel for 5 turns
  1953 | D:3      | Paralysed by Pikel for 3 turns
  1958 | D:3      | Paralysed by Pikel for 5 turns
  1968 | D:3      | Killed Pikel
  1969 | D:3      | Reached skill level 5 in Fighting
  1969 | D:3      | Reached XP level 5. HP: 21/36 MP: 5/5
  1969 | D:3      | Reached XP level 6. HP: 23/41 MP: 6/6
  1969 | D:3      | Reached XP level 7. HP: 26/45 MP: 7/7
  1997 | Temple   | Entered the Ecumenical Temple
  2010 | Temple   | Became a worshipper of Warmaster Okawaru
  2318 | D:4      | Found a broken altar of Ashenzari.
  2318 | D:4      | Found a shimmering altar of Xom.
  2356 | D:4      | Reached skill level 6 in Fighting
  2469 | D:4      | Identified a scroll of acquirement
  2469 | D:4      | Acquired the +3 Elemental Staff {ele, rElec rF+ rC+ AC+3}
  2469 | D:4      | Found the +3 Elemental Staff {ele, rElec rF+ rC+ AC+3}
  2574 | D:5      | Entered Level 5 of the Dungeon
  2574 | D:5      | Found Abeagg's Weapon Shoppe.
  2620 | D:5      | Reached skill level 1 in Evocations
  2677 | D:5      | Identified the +5 whip of Iguaneoc {heavy, rElec rC++}
  2717 | D:5      | Noticed Sigmund
  2728 | D:5      | Killed Sigmund
  2728 | D:5      | Reached * piety under Okawaru
  2729 | D:5      | Reached XP level 8. HP: 49/52 MP: 8/8
  3130 | D:6      | Found a basalt altar of Yredelemnul.
  3147 | D:6      | Reached skill level 7 in Fighting
  3395 | D:6      | Found a bloodstained altar of Trog.
  3620 | D:6      | Reached ** piety under Okawaru
  3655 | D:6      | Found a glowing drain.
  3688 | Sewer    | Entered a sewer
  4013 | D:6      | Reached skill level 5 in Evocations
  4468 | D:7      | Reached XP level 9. HP: 44/59 MP: 9/9
  4478 | D:7      | Reached skill level 8 in Fighting
  4644 | D:7      | Found a large runed translucent door.
  4644 | D:7      | Found a large runed translucent door.
  4966 | D:7      | Gained mutation: Your magical capacity is low. (-10% MP)
                  | [potion of mutation]
  4966 | D:7      | Gained mutation: You are clumsy. (Dex -2) [potion of
                  | mutation]
  4967 | D:7      | Lost mutation: You are clumsy. (Dex -2) [potion of
                  | mutation]
  4967 | D:7      | Lost mutation: Your magical capacity is low. (-10% MP)
                  | [potion of mutation]
  4967 | D:7      | Gained mutation: You have a pair of small antennae on your
                  | head. [potion of mutation]
  4967 | D:7      | Gained mutation: Your flesh is cold resistant. (rC+)
                  | [potion of mutation]
  4967 | D:7      | Gained mutation: Your spells are a little harder to cast,
                  | but a little more powerful. [potion of mutation]
  5179 | D:7      | Reached *** piety under Okawaru
  5674 | D:7      | Noticed gdog's ghost (novice GnDe)
  5870 | D:8      | Noticed a moth of wrath
  5890 | D:8      | Noticed Grum
  5891 | D:8      | Noticed a hornet
  5935 | D:8      | Killed a hornet
  5936 | D:8      | Reached skill level 9 in Fighting
  5945 | D:8      | Killed Grum
  6293 | D:8      | Noticed Maggie
  6310 | D:8      | Killed Maggie
  6311 | D:8      | Reached XP level 10. HP: 26/66 MP: 10/10
  6435 | D:8      | Reached **** piety under Okawaru
  6535 | D:8      | Noticed LoggersVIII's ghost (novice OpEE)
  6538 | D:8      | Found a transporter.
  6545 | D:8      | Found a bloodstained altar of Trog.
  6552 | D:8      | Found a transporter.
  7057 | D:8      | Reached skill level 10 in Fighting
  7136 | D:8      | Found a staircase to the Lair.
  7284 | D:9      | Found a hazy altar of Hepliaklqana.
  7353 | D:9      | Reached ***** piety under Okawaru
  7457 | D:9      | Noticed a cyan ugly thing
  7473 | D:9      | Killed a cyan ugly thing
  7480 | D:9      | Reached skill level 10 in Evocations
  7567 | D:9      | Noticed a centaur warrior
  7567 | D:9      | Noticed a cyclops
  7570 | D:9      | Noticed a cyclops
  7571 | D:9      | Killed a cyclops
  7571 | D:9      | Killed a centaur warrior
  7571 | D:9      | Received a gift from Okawaru
  7572 | D:9      | Reached skill level 11 in Fighting
  7572 | D:9      | Reached XP level 11. HP: 74/74 MP: 11/11
  7572 | D:9      | Killed a cyclops
  7575 | D:9      | Noticed a cyclops
  7585 | D:9      | Killed a cyclops
  7695 | D:9      | Found a runed translucent door.
  7716 | D:9      | Reached skill level 5 in Staves
  8162 | D:9      | Received a gift from Okawaru
  8339 | D:10     | Entered Level 10 of the Dungeon
  8767 | D:10     | Slain by an orc warrior

Illustrated notes

Levels and vault maps discovered:
D:1:      dpeg_arrival_orchard, layout_basic
D:2:      layout_basic
D:3:      layout_rooms, lemuel_doored_altar
D:4:      layout_basic, gammafunk_temple_overflow_statue,
          minmay_temple_entry_wispy, minmay_misc_feat_hallway, uniq_pikel
D:5:      layout_layer_cave, serial_shops, shop, uniq_sigmund
D:6:      layout_loops_cross, nicolae_yredelemnul_corpse_copse,
          mainiacjoe_overflow_paths, cheibrodos_sewer_entry_bend,
          minmay_statues_item
D:7:      layout_cave_pools, ebering_ghost_disaster_area, serial_gnoll_camp,
          gnoll_camp_mini_doghouse, gnoll_camp_mini_basic,
          gnoll_camp_mini_doghouse, gnoll_camp_mini_sergeant,
          gnoll_camp_huts_basic
D:8:      layout_basic, erik_lair_dragon, gammafunk_ghost_wrathful_warriors,
          uniq_maggie, uniq_grum
D:9:      minmay_the_grid_four_pointed_star
          [minmay_the_grid_triangle_9x9_sparse_checkered,
          minmay_the_grid_triangle_9x9_subtriangle,
          minmay_the_grid_triangle_9x9_shrine,
          minmay_the_grid_triangle_9x9_longest,
          minmay_the_grid_prize_four_corners_diamond_b], layout_gridville,
          mainiacjoe_overflow_cross_hatched
D:10:     layout_irregular_city, mainiacjoe_overflow_two_lobes,
          hiddenorc1_lemuel, minmay_lindwurm_lava
Temple:   dpeg_chambers_temple

Skill      XL: |  1  2  3  4  5  6  7  8  9 10 11 |
---------------+----------------------------------+-----
Maces & Flails | 3 6 |  6.7
Fighting       | 4 5 6 7 9 11 | 11.3
Evocations     | 3 5 8 10 | 10.0
Staves         | 3 7 |  7.2
Axes           | |  0.5
Armour         | |  3.2
Shields        | |  3.2

Action                     |  1- 3 |  4- 6 |  7- 9 | 10-12 || total
---------------------------+-------+-------+-------+-------++-------
  Melee: Flail             |    94 |    68 |    47 |       ||   209
         Hand axe          |    43 |       |       |       ||    43
         Staff             |       |       |   470 |   266 ||   736
  Throw: Throwing net      |       |       |     2 |       ||     2
  Evoke: Wand              |       |       |       |     3 ||     3
    Use: Scroll            |     8 |     2 |    10 |       ||    20
         Potion            |       |     2 |     2 |       ||     4
 Armour: Scale mail        |   109 |    62 |   401 |   187 ||   759
  Dodge: Dodged            |    53 |    16 |   172 |   167 ||   408
  Block: Buckler           |    20 |       |       |       ||    20
         Tower shield      |    54 |    63 |   518 |   228 ||   863

Table legend: (Time is in decaauts)
 A = Elapsed time spent in this place.
 B = Non-inter-level travel time spent in this place.
 C = Inter-level travel time spent in this place.
 D = Time resting spent in this place.
 E = Time spent auto-exploring this place.
 F = Levels seen in this place.
 G = Mean time per level.
                   A        B        C        D        E       F      G
               +--------+--------+--------+--------+--------+-----+--------+
         Total |   9075 |   8812 |    263 |   1448 |   5293 |  12 |  756.2 |
       Dungeon |   8873 |   8635 |    238 |   1448 |   5210 |  10 |  887.3 |
        Temple |     26 |      1 |     25 |      0 |      0 |   1 |   26.0 |
         Sewer |    174 |    174 |      0 |      0 |     83 |   1 |  174.0 |
               +--------+--------+--------+--------+--------+-----+--------+

Top non-repeatable levels by time:
     D:7: 1763 daAuts
     D:8: 1550 daAuts
     D:9: 1093 daAuts
     D:2: 886 daAuts
     D:6: 832 daAuts
     D:3: 710 daAuts
     D:4: 593 daAuts
     D:5: 539 daAuts
     D:1: 470 daAuts
    D:10: 434 daAuts
   Sewer: 174 daAuts
  Temple: 26 daAuts
